AoeStats
← wtp_marny_beer_skill

Golden Pit

509938448Analyzed
1v1 RM · 3d ago on Sep 28, 2026· 65m 38s· 2 players
Game mode
Random Map
Map size
Tiny (2 player)
Population
200
Speed
Normal
Resources
Standard
Victory
Conquest
Starting age
Dark Age
Ending age
Imperial Age
RankedLock teamsTeams togetherTeam positionsShared explorationLock speedFull tech treeHidden civsTurbo modeCheats
Victory
Defeat
🇨🇿 Franks · Czechia
871
+18
🇳🇱 Khmer · Netherlands
917
-18
wtp_marny_beer_skill
6:37 Loom
9:23 Feudal Age
10:14 Double-Bit Axe
19:35 Castle Age
18:43 Wheelbarrow
20:32 Gold Mining
20:52 Man-at-Arms
21:42 Stone Mining
22:14 Long Swordsman
22:40 Gambesons
23:12 Forging
23:11 Scale Barding Armor
24:58 Gold Shaft Mining
24:39 Squires
25:56 Fletching
28:16 Bow Saw
29:17 Husbandry
29:21 Scale Mail Armor
30:39 Hand Cart
32:29 Fervor
34:27 Iron Casting
38:14 Imperial Age
39:41 Hoardings
40:00 Town Watch
42:08 Blast Furnace
41:04 Bodkin Arrow
41:30 Chain Barding Armor
40:54 Pikeman
40:57 Two-Handed Swordsman
41:00 Cavalier
41:54 Elite Throwing Axeman
43:45 Chain Mail Armor
43:18 Champion
46:30 Town Patrol
48:20 Chemistry
47:41 Ballistics
47:21 Murder Holes
48:23 Hoardings
48:26 Arson
49:30 Padded Archer Armor
50:06 Plate Barding Armor
50:02 Plate Mail Armor
49:48 Paladin
50:54 Devotion
54:16 Chivalry
54:38 Conscription
53:39 Ordonnance Companies
55:16 Light Cavalry
58:53 Leather Archer Armor
65:16 Block Printing
65:26 Illumination
65:22 Faith
64:52 Pikeman
Sir. | John Lemon
9:12 Loom
11:21 Feudal Age
11:59 Horse Collar
12:07 Double-Bit Axe
21:49 Castle Age
23:24 Gold Mining
26:15 Imperial Age
25:51 Wheelbarrow
25:45 Pikeman
28:23 Bow Saw
28:23 Heavy Plow
32:51 Hand Cart
32:51 Forging
32:32 Fletching
34:52 Ballistics
35:15 Crop Rotation
35:27 Town Watch
38:10 Chemistry
39:10 Iron Casting
38:31 Bodkin Arrow
38:53 Murder Holes
40:36 Gold Shaft Mining
39:55 Stone Mining
40:22 Light Cavalry
41:22 Bloodlines
41:16 Husbandry
41:49 Double Crossbow
41:25 Hussar
42:18 Scale Barding Armor
45:42 Elite Ballista Elephant
49:34 Conscription
51:11 Elite Ballista Elephant
51:58 Halberdier
54:26 Blast Furnace
53:27 Bracer
53:48 Chain Barding Armor
60:08 Siege Engineers
63:25 Hoardings
Connection lost

Rejoining the realm…

Still unreachable

The connection could not be restored.

Session expired

The server has moved on; the page needs a fresh start.